Map: Rhoskallian LE

Players

Alpaca - Winner!

  • Race: Terran Terran
  • League: Diamond
  • Spawn Location: 5:00

Zhmurik - Winner!

  • Race: Zerg Zerg
  • League: Gold
  • Spawn Location: 6:00

Nigrnog

  • Race: Zerg Zerg
  • League: Silver
  • Spawn Location: 12:00

MooEsqoo

  • Race: Zerg Zerg
  • Spawn Location: 11:00

VOD

Have the link to the VOD?

Description

Time

  • Played on: Dec. 29, 2019, 1:48 p.m.
  • Length: 12:29
Show
View Real Time Build Order
Export as new Build Order

Alpaca Terran - Winner!

Build Orders: Reaper Expand 

Get SALT Encoding   

  12  0:01  SCV  
  13  0:13  SCV  
  14  0:20  Supply Depot  
  14  0:26  SCV  
  15  0:41  SCV  
  16  0:43  Barracks  
  16  0:49  Refinery  
  16  0:54  SCV  
  17  1:06  SCV  
  18  1:18  SCV  
  19  1:30  Orbital Command  
  19  1:36  Reaper  
  20  1:46  Command Center  
  20  2:01  Supply Depot  
  20  2:09  SCV  
  20  2:13  Refinery  
  20  2:15  Marine  
  22  2:21  SCV  
  22  2:22  Factory  
  23  2:33  SCV  
  24  2:41  Barracks Reactor  
  24  2:45  SCV  
  25  2:57  SCV  
  25  2:59  Orbital Command  
  25  3:11  Starport  
  25  3:24  Orbital Command  
  25  3:28  Barracks Tech Lab  
  25  3:29  Supply Depot  
  25  3:32  Hellion x2  
  29  3:47  Factory  
  29  3:55  Medivac  
  31  3:56  Hellion x2  
  31  3:59  SCV x2  
  37  4:11  SCV x2  
  39  4:18  Hellion x2  
  39  4:23  SCV  
  44  4:34  Command Center  
  44  4:39  Hellion  
  44  4:44  SCV x2  
  48  4:56  Siege Tank, SCV  
  48  4:57  SCV  
  53  5:08  SCV  
  54  5:20  SCV  
  53  5:27  Starport Tech Lab  
  53  5:30  SCV  
  53  5:33  Refinery  
  54  5:36  Refinery  
  54  5:39  Infernal Pre-Igniter  
  54  5:45  SCV  
  54  5:46  SCV, Siege Tank, Hellion x2  
  59  5:58  SCV x2  
  59  5:59  Orbital Command  
  57  6:15  Hellion x2  
  57  6:17  Command Center  
  63  6:20  Siege Tank  
  64  6:31  Raven  
  66  6:39  Armory  
  66  6:40  SCV x2  
  66  6:43  Supply Depot  
  66  6:45  Supply Depot  
  66  6:46  Armory  
  68  6:52  SCV  
  69  6:55  Orbital Command  
  69  7:05  SCV x2, Hellion x2  
  69  7:06  Siege Tank  
  69  7:08  Supply Depot  
  78  7:10  Supply Depot  
  78  7:14  Raven  
  80  7:17  SCV x2  
  70  7:27  Hellion x2  
  65  7:39  Orbital Command, Hellion  
  67  7:48  Hellion x2  
  67  7:51  Terran Vehicle Weapons Level 1, Terran Vehicle And Ship Armor Level 1  
  71  7:57  SCV x3  
  74  8:00  Siege Tank  
  77  8:09  SCV, Hellion x2  
  82  8:23  SCV x3, Refinery  
  82  8:24  Refinery  
  85  8:31  Hellion x2  
  85  8:32  Siege Tank  
  92  8:38  Factory  
  92  8:39  Factory  
  92  8:40  Starport Reactor  
  92  8:45  SCV x3  
  95  8:52  Hellion  
  97  9:04  Siege Tank  
  97  9:08  Hellion  
  102  9:10  Orbital Command  
  102  9:14  Hellion  
  104  9:21  Viking x2  
  108  9:30  Hellion  
  110  9:36  Siege Tank  
  113  9:44  SCV x3  
  116  9:54  Command Center  
  116  9:56  Command Center  
  116  10:08  Factory Tech Lab  
  116  10:10  Terran Vehicle Weapons Level 2  
  116  10:29  Supply Depot  
  116  10:30  Supply Depot  
  116  10:33  Supply Depot  
  116  10:35  Siege Tank, SCV x4, Viking, Hellion x2  
  131  10:36  Hellion  
  131  10:47  SCV  
  132  10:51  Viking  
  132  10:54  Siege Tank  
  132  10:57  Supply Depot x2, Siege Tank  
  140  11:05  Viking  
  140  11:07  Siege Tank  
  140  11:11  Refinery  
  145  11:12  Refinery  
  145  11:15  Orbital Command x2  
  145  11:20  Viking  
  147  11:26  Siege Tank  
  147  11:29  Siege Tank  
  153  11:35  Viking  
  153  11:39  SCV x4, Siege Tank  
  162  11:45  Orbital Command  
  162  11:50  Viking  
  162  11:51  SCV  
  162  11:53  Orbital Command  
Show
View Real Time Build Order
Export as new Build Order

Zhmurik Zerg - Winner!

Build Orders: Pool First, Lurkers, Zergling Baneling 

Get SALT Encoding   

  12  0:02  Drone  
  13  0:13  Drone  
  14  0:18  Overlord  
  14  0:36  Drone x3  
  17  0:47  Spawning Pool  
  16  0:51  Drone  
  17  0:57  Extractor  
  16  1:17  Hatchery  
  15  1:21  Drone x2  
  15  1:24  Drone  
  18  1:35  Overlord  
  18  1:44  Queen  
  20  1:47  Drone  
  21  2:04  Drone  
  21  2:05  Drone  
  23  2:11  Baneling Nest  
  22  2:17  Extractor  
  21  2:29  Queen  
  23  2:31  Drone  
  23  2:36  Metabolic Boost  
  24  2:43  Drone x3  
  27  2:50  Drone  
  28  2:52  Drone  
  29  3:10  Zergling x2  
  29  3:11  Zergling x6  
  33  3:18  Zergling x4  
  35  3:34  Drone  
  35  3:37  Overlord x3  
  36  3:57  Baneling  
  36  3:58  Baneling  
  36  4:00  Baneling x2  
  36  4:01  Baneling  
  36  4:02  Baneling x3  
  36  4:03  Zergling x16  
  44  4:12  Lair  
  44  4:16  Drone  
  34  5:02  Drone x6  
  34  5:03  Drone x4  
  44  5:09  Extractor  
  44  5:12  Hydralisk Den  
  42  5:20  Drone  
  42  5:21  Drone  
  44  5:23  Extractor  
  42  5:33  Overlord x2  
  40  5:36  Hatchery  
  39  5:48  Drone  
  39  5:49  Drone  
  41  5:51  Drone  
  42  6:02  Lurker Den  
  42  6:04  Grooved Spines  
  41  6:09  Evolution Chamber  
  40  6:12  Drone x3  
  43  6:22  Drone x4  
  43  6:23  Drone  
  48  6:39  Queen  
  50  6:49  Drone  
  50  6:54  Hydralisk x8  
  51  6:55  Hydralisk x4  
  51  7:00  Nydus Network  
  74  7:09  Zergling x6  
  74  7:15  Muscular Augments  
  74  7:43  Lurker x3  
  74  7:44  Lurker x4  
  81  7:46  Zergling x2  
  81  7:49  Overlord x3  
  81  7:50  Overlord x2  
  82  7:58  Nydus Canal  
  82  8:14  Nydus Canal  
  82  8:27  Zergling x4  
  82  8:28  Zergling x22  
  82  8:31  Nydus Canal  
  95  8:44  Zergling x2  
  95  8:45  Zergling x8  
  100  9:14  Nydus Canal  
  55  10:20  Hydralisk x3  
  55  10:21  Hydralisk x6  
  71  10:31  Queen  
  71  10:33  Drone  
  74  10:46  Lurker x2  
  74  10:47  Lurker x4  
  80  10:51  Lurker x3  
  83  11:03  Nydus Canal  
  56  12:17  Lurker  
  56  12:18  Lurker  
Show
View Real Time Build Order
Export as new Build Order

Nigrnog Zerg 

Build Orders: Hatch First, Zergling Baneling 

Get SALT Encoding   

  12  0:02  Drone  
  13  0:13  Overlord  
  13  0:19  Drone  
  14  0:31  Drone  
  14  0:34  Drone  
  16  0:36  Drone  
  17  0:46  Drone  
  18  0:56  Drone  
  19  1:07  Drone  
  19  1:09  Hatchery  
  19  1:13  Extractor  
  18  1:18  Drone  
  19  1:27  Spawning Pool  
  19  1:29  Drone  
  19  1:40  Overlord  
  19  1:52  Drone  
  20  2:00  Evolution Chamber  
  20  2:01  Drone  
  20  2:13  Overlord  
  20  2:16  Metabolic Boost  
  20  2:17  Queen  
  20  2:22  Queen  
  24  2:35  Zergling x4  
  26  2:48  Baneling Nest  
  25  3:23  Drone x3  
  25  3:26  Zergling x6  
  31  3:35  Hatchery  
  31  3:36  Drone x3  
  33  3:43  Baneling x4  
  33  3:49  Drone x2  
  35  3:57  Zerg Melee Weapons Level 1  
  35  3:59  Zergling x4  
  35  4:00  Zergling x4  
  39  4:11  Zergling x8  
  43  4:18  Extractor  
  43  4:20  Extractor  
  36  4:52  Baneling x3  
  34  4:53  Baneling  
  34  4:54  Zergling x12  
  34  4:55  Zergling x8  
  34  4:59  Queen  
  44  5:02  Queen  
  44  5:05  Drone  
  49  5:09  Lair  
  43  5:37  Spore Crawler  
  43  5:40  Spore Crawler  
  43  5:41  Drone  
  43  5:42  Drone x2  
  44  5:46  Drone  
  44  5:49  Drone  
  46  6:15  Extractor  
  46  6:16  Zerg Melee Weapons Level 2  
  45  6:24  Infestation Pit  
  44  6:29  Spire  
  44  6:30  Drone x2  
  45  6:37  Drone x2  
  45  6:38  Drone  
  48  6:42  Drone  
  49  6:53  Overlord  
  49  6:54  Overlord  
  38  7:36  Zergling x4  
  38  7:37  Zergling x14  
  39  7:38  Zergling x16  
  39  7:39  Zergling x4  
  54  7:48  Drone x4  
  54  7:51  Extractor  
  57  7:53  Extractor  
  57  7:55  Zerg Flyer Weapons Level 1  
  56  8:00  Drone  
  57  8:30  Drone x2  
  57  8:31  Drone x7  
  57  8:32  Overlord  
  57  8:33  Overlord  
  66  8:42  Overlord  
  66  8:44  Overlord  
  65  8:57  Overseer  
  64  9:12  Zergling x2  
  64  9:13  Zergling x8  
  67  9:23  Mutalisk  
  52  9:38  Spawning Pool  
  36  10:40  Hatchery  
  35  10:58  Drone  
  35  10:59  Drone x6  
  40  12:16  Hatchery  
Show
View Real Time Build Order
Export as new Build Order

MooEsqoo Zerg 

Build Orders: Hatch First 

Get SALT Encoding   

  12  0:02  Drone  
  13  0:12  Overlord  
  13  0:18  Drone  
  14  0:31  Drone  
  14  0:32  Drone  
  16  0:44  Drone  
  16  0:46  Drone  
  18  1:00  Hatchery  
  18  1:03  Extractor  
  16  1:08  Drone  
  16  1:09  Drone  
  18  1:19  Drone  
  19  1:29  Drone  
  20  1:39  Overlord  
  20  1:50  Overlord  
  20  1:54  Spawning Pool  
  19  2:01  Drone  
  20  2:25  Drone  
  20  2:26  Drone  
  20  2:28  Drone x2  
  24  2:36  Drone  
  25  2:42  Queen x2  
  25  2:43  Zergling x4  
  31  2:53  Metabolic Boost  
  31  2:54  Zergling x2  
  32  3:06  Zergling x4  
  34  3:15  Drone  
  34  3:16  Zergling x2  
  36  3:34  Baneling Nest, Roach Warren  
  34  3:58  Lair  
  34  4:04  Extractor x2  
  30  4:58  Drone x6  
  35  5:01  Overlord x2  
  35  5:02  Overlord  
  35  5:03  Centrifical Hooks  
  35  5:04  Glial Reconstitution  
  34  5:34  Zergling x2  
  34  5:35  Zergling x4  
  36  5:36  Roach x4  
  36  5:37  Zergling x6  
  36  5:42  Spore Crawler x2  
  43  6:09  Drone x6  
  49  6:16  Queen  
  51  6:37  Drone x4  
  55  6:44  Hatchery  
  54  6:47  Hatchery  
  54  6:48  Spore Crawler  
  54  6:50  Spore Crawler  
  54  6:52  Drone x7  
  58  7:17  Evolution Chamber  
  58  7:18  Evolution Chamber  
  47  7:45  Drone x3  
  47  7:46  Drone x7  
  57  7:54  Queen  
  57  7:55  Queen  
  57  7:56  Overlord x2  
  57  7:57  Overlord  
  61  8:10  Zergling x8  
  61  8:11  Zergling x2  
  66  8:41  Zerg Missile Weapons Level 1  
  66  8:42  Zerg Ground Armor Level 1  
  66  8:49  Extractor  
  66  8:51  Extractor  
  66  8:55  Roach x4  
  72  8:56  Roach x7  
  72  8:57  Roach x2  
  72  8:59  Overseer  
  72  9:00  Overseer  
  89  9:05  Roach  
  89  9:06  Roach x2  
  89  9:08  Overlord  
  89  9:09  Overlord x4  
  79  9:36  Roach  
  79  9:37  Roach x6  
  91  9:51  Roach x3  
  91  9:52  Roach x3  
  95  10:06  Roach  
  95  10:07  Roach x6  
  103  10:14  Roach x3  
  107  10:48  Ravager  
  107  10:49  Ravager  
  109  10:50  Ravager  
  110  10:57  Roach x4  
  110  10:58  Roach x8  
  110  10:59  Roach  
  110  11:00  Overlord x4  
  136  11:09  Overlord  
  136  11:10  Overlord x2  
Tags
 
Add a new tag
Caveats
  • Supply blocks, unpowered buildings, or Contaminate may cause inaccurate times.
  • Supply counts are checked every 10 seconds.